details: 'over 180 APM loses hero to towers'

« prev index next »

General information

Mini Map

Players

team 1
UndeadINC.Visitor (pink | 184 APM | 5623 actions | 30:29)
Hero icon 7 Dreadlord
Ability icon 3 Carrion Swarm
Ability icon 3 Vampiric Aura
Ability icon 1 Inferno

» actions
Assign group hotkey100
Basic commands101
Build / train90
Enter build submenu16
Enter hero's abilities submenu7
Give item / drop item1
Remove unit from queue1
Right click2841
Select / deselect613
Select group hotkey1632
Use ability221
5623 total
» units
Acolyte29
Ghoul11
Obsidian Statue3
Gargoyle2
Necromancer13
Meatwagon9
67 total
» upgrades
Unholy Strength2
Exhume Corpses1
Skeletal Longevity1
Skeletal Mastery1
Necromancer Training2
7 total
» buildings
Crypt2
Ziggurat5
Altar of Darkness1
Tomb of Relics1
Graveyard1
Halls of the Dead1
Slaughterhouse1
Temple of the Damned1
Sacrificial Pit1
Black Citadel1
15 total
» build order
00:07 Crypt
00:11 Ziggurat
00:34 Altar of Darkness
00:50 Tomb of Relics
01:36 Graveyard
02:04 Ziggurat
03:10 Halls of the Dead
06:53 Crypt
07:01 Slaughterhouse
07:44 Temple of the Damned
08:01 Sacrificial Pit
08:09 Ziggurat
09:09 Black Citadel
10:13 Ziggurat
11:47 Ziggurat
» items
Rod of Necromancy2
Sacrificial Skull2
Potion of Healing1
5 total
team 2
HumanFrustration (orange | 86 APM | 2615 actions | 30:30)
Hero icon 8 Blood Mage
Ability icon 3 Flame Strike
Ability icon 3 Siphon Mana
Ability icon 1 Summon Phoenix
Ability icon 1 Banish

» actions
Assign group hotkey64
Basic commands51
Build / train154
Enter build submenu46
Enter hero's abilities submenu8
Give item / drop item3
Remove unit from queue1
Right click1145
Select / deselect512
Select group hotkey454
Use ability177
2615 total
» units
Peasant43
Footman16
Sorceress5
Priest7
Spell Breaker4
75 total
» upgrades
Defend1
Masonry2
Lumber Harvesting1
Magic Sentry1
Sorceress Training1
Priest Training1
7 total
» buildings
Altar of Kings1
Barracks1
Farm6
Scout Tower46
Lumber Mill1
Arcane Tower4
Arcane Vault1
Town Hall2
Guard Tower22
Keep2
Arcane Sanctum2
Gryphon Aviary1
Castle2
Blacksmith1
92 total
» build order
00:40 Altar of Kings
00:47 Barracks
00:58 Farm
01:10 Farm
01:25 Scout Tower
01:37 Farm
02:04 Lumber Mill
02:07 Arcane Tower
02:13 Arcane Vault
02:19 Farm
02:51 Farm
03:06 Scout Tower
03:46 Scout Tower
03:48 Scout Tower
03:52 Scout Tower
03:54 Arcane Tower
04:34 Town Hall
04:38 Scout Tower
04:39 Scout Tower
04:40 Scout Tower
05:15 Guard Tower
05:26 Scout Tower
07:14 Scout Tower
07:40 Guard Tower
08:12 Guard Tower
08:19 Scout Tower
08:20 Scout Tower
08:21 Scout Tower
08:22 Scout Tower
08:53 Guard Tower
09:13 Farm
09:25 Guard Tower
09:44 Guard Tower
10:21 Keep
10:25 Arcane Tower
10:52 Scout Tower
10:53 Scout Tower
10:55 Scout Tower
10:57 Scout Tower
11:08 Scout Tower
11:09 Scout Tower
11:11 Scout Tower
11:56 Guard Tower
11:59 Guard Tower
12:26 Guard Tower
12:29 Guard Tower
12:31 Scout Tower
12:59 Guard Tower
14:30 Scout Tower
14:31 Scout Tower
14:33 Scout Tower
14:35 Scout Tower
14:36 Scout Tower
14:54 Arcane Sanctum
15:18 Guard Tower
15:21 Scout Tower
15:23 Scout Tower
15:38 Guard Tower
15:50 Guard Tower
15:54 Guard Tower
18:13 Scout Tower
18:14 Scout Tower
18:50 Guard Tower
19:41 Gryphon Aviary
20:08 Keep
22:18 Town Hall
25:19 Guard Tower
25:43 Scout Tower
25:45 Scout Tower
25:46 Scout Tower
25:46 Scout Tower
25:47 Scout Tower
27:52 Guard Tower
27:53 Arcane Tower
27:53 Guard Tower
27:54 Guard Tower
27:54 Guard Tower
27:55 Scout Tower
27:56 Scout Tower
27:56 Scout Tower
27:57 Scout Tower
27:58 Scout Tower
28:12 Arcane Sanctum
28:48 Guard Tower
28:50 Castle
28:50 Castle
28:54 Scout Tower
28:55 Scout Tower
28:57 Scout Tower
28:59 Scout Tower
29:00 Scout Tower
29:26 Guard Tower
29:36 Blacksmith
» items
Scroll of Regeneration5
Lesser Clarity Potion5
Potion of Invisibility3
Potion of Lesser Invulnerability1
Boots of Speed1
Staff of Teleportation1
Scroll of Town Portal2
Scroll of Healing1
Mechanical Critter2
Potion of Healing6
Potion of Mana5
32 total